 Dungeon Crawl Stone Soup version 0.21.1-1-g345015f (webtiles) character file.

58 suicidejoker the Insei (level 4, -1/28 HPs)
             Began as an Octopode Transmuter on Mar 29, 2018.
             Slain by an ice beast (14 damage)
             ... on level 2 of the Dungeon.
             The game lasted 00:02:48 (1664 turns).

suicidejoker the Insei (Octopode Transmuter)        Turns: 1664, Time: 00:02:49

Health: -1/28      AC:  1    Str:  9    XL:     4   Next: 2%
Magic:  6/7        EV: 13    Int: 15    God:
Gold:   46         SH:  0    Dex: 13    Spells: 6/7 levels left

rFire    . . .     SeeInvis .   o - +2 dagger (elec)
rCold    . . .     Gourm    .   (no shield)
rNeg     . . .     Faith    .   (helmet restricted)
rPois    .         Spirit   .   (no amulet)
rElec    .         Reflect  .   (no ring)
rCorr    .         Harm     .   (no ring)
MR       .....                  (no ring)
Stlth    +++.......             (no ring)
HPRegen  0.09/turn              (no ring)
MPRegen  0.10/turn              (no ring)
                                (no ring)
                                (no ring)

@: appendage
A: almost no armour, stealthy swim, amphibious, 8 rings, constrict 8, tentacle
spike 3, camouflage 1, gelatinous body 1
a: End Transformation


You were on level 2 of the Dungeon.
You were very hungry.
One of your tentacles had a temporary spike.
You visited 1 branch of the dungeon, and saw 2 of its levels.

You collected 46 gold pieces.

Inventory:

Hand Weapons
 h - a +0 dagger of venom
 o - a +2 dagger of electrocution (weapon)
Missiles
 a - 12 arrows
 l - 26 bolts
 m - 54 stones (quivered)
 n - 23 sling bullets
Scrolls
 g - a scroll of enchant armour
Books
 b - a book of Changes

   Spells                             Type                      Level
   a - Beastly Appendage              Transmutation                1
   b - Sticks to Snakes               Transmutation                2
   c - Spider Form                    Transmutation/Poison         3
   d - Ice Form                       Ice/Transmutation            4
   e - Blade Hands                    Transmutation                5
Comestibles
 c - 4 rations


   Skills:
 + Level 1.3 Fighting
 * Level 1.5 Short Blades
 + Level 0.9 Throwing
 + Level 2.2 Dodging
 * Level 1.8 Stealth
 + Level 3.1 Unarmed Combat
 + Level 2.2 Spellcasting
 + Level 2.2 Transmutations


You had 6 spell levels left.
You knew the following spells:

 Your Spells              Type           Power        Failure   Level  Hunger
a - Beastly Appendage     Tmut           #.....       9%          1    #......


Dungeon Overview and Level Annotations

Branches:
Dungeon (2/15)

Altars:


Innate Abilities, Weirdness & Mutations

You cannot wear most types of armour.
You are very stealthy in the water. (Stealth+)
You are amphibious.
You can wear up to eight rings at the same time.
You can use your tentacles to constrict eight enemies at once.
Your skin changes colour to match your surroundings (Stealth+).
Your rubbery body absorbs attacks. (AC +1, EV +1)
One of your tentacles bears a large vicious spike.


Message History

You are too injured to fight recklessly!
You are too injured to fight recklessly!
It was a potion of heal wounds.
You feel much better. The ice beast barely misses you.
You hit the ice beast but do no damage. The ice beast barely misses you.
You hit the ice beast but do no damage. The ice beast hits you.
The ice beast freezes you! The hobgoblin barely misses you.
Okay, then.
Casting: Beastly Appendage
Confirm with . or Enter, or press ? or * to list all spells.
One of your tentacles grows a vicious spike.
The ice beast barely misses you.
You hit the ice beast. You squeeze the ice beast!
The ice beast is moderately wounded.
The ice beast hits you. The ice beast freezes you!
* * * LOW HITPOINT WARNING * * *
You feel much better. The ice beast hits you. The ice beast freezes you!
Ouch! That really hurt!
You die...

....##.########.#
#.....#.
...............#.#
#.....##
#####.#..........#
#.....##
#+########.####
#####+###
.....###.#..#....
#
....(...r........
......##g#).#####
### # ..".. #Y#..#
...$# .... #@#..#
#... ### #.#..#
#... #.#... ####
#.#.g.# ....
#.##r.# #### #.# .
#.# .#.# #.# .. .
.#.#


You could see an ice beast, a hobgoblin and a rat.

Vanquished Creatures
  2 adders (D:2)
  3 dart slugs (D:1)
  2 leopard geckos
  A bat (D:2)
  4 goblins (D:1)
  7 hobgoblins
  2 jackals (D:1)
  4 kobolds
  2 frilled lizards (D:1)
  4 rats
31 creatures vanquished.

Notes
Turn   | Place    | Note
-------+----------+-------------------------------------------
     0 | D:1      | suicidejoker the Octopode Transmuter began the quest for the Orb.
     0 | D:1      | Reached XP level 1. HP: 13/13 MP: 3/3
   365 | D:1      | Reached XP level 2. HP: 18/18 MP: 5/5
   368 | D:1      | Reached skill level 1 in Stealth
   726 | D:1      | Reached XP level 3. HP: 18/23 MP: 6/6
   854 | D:1      | Reached skill level 1 in Short Blades
  1614 | D:2      | Reached XP level 4. HP: 23/28 MP: 7/7
  1652 | D:2      | Noticed an ice beast
  1663 | D:2      | HP: 1/28 [ice beast (13)]
  1664 | D:2      | Slain by an ice beast

Skill      XL: |  1  2  3 |
---------------+----------+-----
Stealth        | 1 |  1.8
Short Blades   | 1 |  1.5
Fighting       | |  1.3
Throwing       | |  0.9
Dodging        | |  2.2
Unarmed Combat | |  3.1
Spellcasting   | |  2.2
Transmutations | |  2.2

Action                   |  1- 3 |  4- 6 || total
-------------------------+-------+-------++-------
Melee: Dagger            |    59 |     6 ||    65
       Tentacles         |    11 |     2 ||    13
       Constrict         |    20 |     1 ||    21
       Punch             |     1 |       ||     1
 Cast: Beastly Appendage |       |     1 ||     1
  Use: Scroll            |     6 |       ||     6
       Potion            |       |     2 ||     2
 Stab: Sleeping          |     5 |       ||     5
       Distracted        |     1 |       ||     1
  Eat: Chunk             |     1 |       ||     1
Armor: Skin              |     5 |       ||     5
Dodge: Dodged            |    22 |     6 ||    28
